 Dungeon Crawl Stone Soup version 0.31.0-12-g77e489cdc1 (webtiles) character file.

Game seed: 9150672792736495624

19317 Rassilon the Basher (level 12, -6/118 HPs)
             Began as a Gargoyle Fighter on Feb 17, 2024.
             Was a Priest of the Shining One.
             Mangled by a minotaur
             ... wielding a +1 morningstar of freezing
              (10 damage)
             ... in a Gauntlet.
             The game lasted 00:55:02 (11365 turns).

Rassilon the Basher (Gargoyle Fighter)             Turns: 11365, Time: 00:55:03

Health: -6/118     AC: 24    Str: 32    XL:     12   Next: 67%
Magic:  0/12       EV: 15    Int:  8    God:    the Shining One [***...]
Gold:   823        SH:  6    Dex:  9    Spells: 11/11 levels left

rFire   . . .        D - +0 morningstar of Moderation {heavy, Will++}
rCold   . . .        c - +0 buckler
rNeg    + + .        m - +2 ring mail of the Sturgeon {Slay+2 Stlth+}
rPois   ∞            l - +2 helmet
rElec   +            q - +0 cloak
rCorr   .            (no gloves)
SInv    .            i - +0 pair of boots
Will    ++...        n - amulet of guardian spirit Stlth
                     p - +5 ring of evasion
HPRegen 0.39/turn    y - +6 ring of strength
MPRegen 0.13/turn

%: no teleportation, guardian spirit
@: berserking (expiring), glowing, studying Long Blades, very quick
A: sickness immunity, AC +8, negative energy resistance 1, electricity
resistance, torment resistance 1, petrification resistance
a: Renounce Religion, Divine Shield, Cleansing Flame


You were in a Gauntlet.
You worshipped the Shining One.
The Shining One was most pleased with you.
You visited 2 branches of the dungeon, and saw 13 of its levels.
You also visited: Sewer and Gauntlet.

You collected 823 gold pieces.

Inventory:

Hand Weapons
 a - a +1 flail
 D - the +0 morningstar of Moderation (weapon) {heavy, Will++}
   (You found it in a Gauntlet)

   Will++:    It greatly increases your willpower.
Missiles
 e - 11 boomerangs (quivered)
Armour
 c - a +0 buckler (worn)
 i - a +0 pair of boots (worn)
 l - a +2 helmet (worn)
 m - the +2 ring mail of the Sturgeon (worn) {Slay+2 Stlth+}
   (You found it on level 6 of the Dungeon)

   Slay+2:    It affects your accuracy & damage with ranged weapons and melee
   (+2).
   Stlth+:    It makes you more stealthy.
 q - a +0 cloak (worn)
 C - a +0 plate armour
 F - the +0 hat of the Wilderness {rF+ rN+ rCorr Int-5}
   (You found it in a Gauntlet)

   Int-5:     It affects your intelligence (-5).
   rF+:       It protects you from fire.
   rN+:       It protects you from negative energy.
   rCorr:     It protects you from acid and corrosion.
Jewellery
 h - a +6 ring of intelligence
 n - an amulet of guardian spirit (around neck)
 p - a +5 ring of evasion (left hand)
 y - a +6 ring of strength (right hand)
Wands
 k - a wand of polymorph (8)
 r - a wand of iceblast (9)
 t - a wand of charming (16)
 z - a wand of mindburst (4)
Scrolls
 f - 4 scrolls of blinking
 w - a scroll of teleportation
 B - a scroll of fear
Potions
 b - a potion of brilliance
 d - 4 potions of curing
 g - a potion of haste
 j - 2 potions of attraction
 s - 2 potions of cancellation
 u - a potion of resistance
 v - a potion of heal wounds
 x - a potion of enlightenment
 A - a potion of lignification
Miscellaneous
 E - a phantom mirror


   Skills:
 + Level 10.7 Fighting
 * Level 13.2 Maces & Flails
 + Level 10.7 Armour
 + Level 10.7 Shields


You had 11 spell levels left.
You didn't know any spells.
Your spell library contained the following spells:

 Spells                   Type           Power      Damage    Failure   Level
 Apportation              Tloc           0%         N/A       54%         1
 Sting                    Conj/Alch      0%         1d3       54%         1
 Blink                    Tloc           0%         N/A       67%         2
 Jinxbite                 Hex            0%         N/A       67%         2
 Lesser Beckoning         Tloc           0%         N/A       67%         2
 Mercury Vapours          Alch/Air       0%         N/A       67%         2
 Momentum Strike          Conj/Tloc      0%         3d8       67%         2
 Dazzling Flash           Conj/Hex       0%         N/A       88%         3
 Frozen Ramparts          Ice            0%         1d1       88%         3
 Volatile Blastmotes      Fire/Tloc      0%         2d10      88%         3
 Leda's Liquefaction      Alch/Erth      0%         N/A       99%         4
 Olgreb's Toxic Radiance  Alch           0%         N/A       99%         4
 Petrify                  Alch/Erth      0%         N/A       99%         4
 Alistair's Intoxication  Alch           0%         N/A       100%        5
 Metabolic Englaciation   Hex/Ice        0%         N/A       100%        5
 Starburst                Conj/Fire      0%         6d3       100%        6
 Maxwell's Capacitive Co  Air            0%         ∞         100%        8


Dungeon Overview and Level Annotations

Branches:
Dungeon (11/15)            Temple (0/1) D:6            Lair (2/5) D:9
  Sewer (visited)         Gauntlet (1/1)
  Swamp: Lair:2-3    Shoals: Lair:2-3     Snake: Lair:2-3    Spider: Lair:2-3
    Orc: D:9-12

Altars:
Cheibriados
Elyvilon
Fedhas
Hepliaklqana
Kikubaaqudgha
Makhleb
Nemelex Xobeh
Okawaru
Xom
Yredelemnul
Zin
The Shining One

Shops:
D:1 :   D:6 [

Annotations:
D:5 1 runed translucent door Gauntlet 6 runed translucent doors, 6 transporters


Innate Abilities, Weirdness & Mutations

You are immune to sickness and miasma.
Your stone body is resilient. (AC +8)
You are immune to poison.
You resist negative energy. (rN+)
You are resistant to electric shocks. (rElec)
You are resistant to unholy torment.
You are immune to petrification.


Message History

The minotaur gores you but does no damage.
The minotaur blocks your attack.
The minotaur is moderately wounded.
The minotaur hits you with a +1 morningstar of freezing.
* * * LOW HITPOINT WARNING * * *
The minotaur freezes you.
* * * LOW HITPOINT WARNING * * *
The minotaur gores you.
* * * LOW HITPOINT WARNING * * *
The minotaur blocks your attack.
The minotaur is moderately wounded.
The minotaur blocks your attack.
The minotaur is moderately wounded.
The minotaur hits you but does no damage.
You block the minotaur's attack. The minotaur blocks your attack.
The minotaur is moderately wounded.
The minotaur hits you with a +1 morningstar of freezing!
* * * LOW HITPOINT WARNING * * *
The minotaur freezes you.
* * * LOW HITPOINT WARNING * * *
The minotaur gores you but does no damage.
You crush the minotaur like a grape!!!
The minotaur is almost dead.
The minotaur closely misses you. x2
The minotaur blocks your attack.
The minotaur is almost dead.
The minotaur blocks your attack.
The minotaur is almost dead.
The minotaur hits you with a +1 morningstar of freezing!
The Shining One protects you from harm! The minotaur freezes you.
* * * LOW HITPOINT WARNING * * *
The minotaur gores you.
* * * LOW HITPOINT WARNING * * *
Unknown command.
The minotaur blocks your attack.
The minotaur is almost dead.
The minotaur hits you with a +1 morningstar of freezing!
You die...

## ### ## ≈###≈###≈##
≈≈#≈≈≈#≈≈≈# ........≈#
#######.#######
......#.≈##...#
##.##.#.≈≈#.8.########
..#..##.≈##.....@....#
##©##©#.###.8.###H##.#
).#..##..##..........8
##.##.#...#.8.#.#.....
......#.∩.#...#.#.#####
#######...#.©.#...#
..#.....8.#...###.'
#######...#.©.# .#
#YYY###.∩.#...# #


You could see a minotaur.

Vanquished Creatures
  Gastronok (Lair:1)
  A reaper (Gauntlet)
  A hydra (D:9)
  A two-headed ogre (D:10)
  A soul eater (Gauntlet)
  Amaemon (D:8)
  An ugly thing (D:11)
  A moth of wrath (Gauntlet)
  3 elephants (D:9)
  3 black mambas
  An orange demon (D:8)
  A kobold demonologist (D:5)
  2 cane toads
  A hellwing (Gauntlet)
  Prince Ribbit (D:9)
  8 blink frogs
  A shadow (D:11)
  2 wyverns (D:9)
  13 yaks
  3 steam dragons
  A basilisk (D:10)
  Eustachio (D:6)
  Duvessa (D:4)
  2 water moccasins
  3 black bears
  2 orc warriors
  A sky beast (D:8)
  3 ogres
  5 centaurs
  5 wolves (Gauntlet)
  2 phantoms
  A kobold brigand (D:9)
  Blork the orc (D:6)
  4 gnoll sergeants
  8 scorpions (D:5)
  9 bullfrogs
  9 wights
  Dowan (D:4)
  28 killer bees
  An electric eel (D:7)
  2 bombardier beetles
  5 hounds
  2 orc priests
  2 jellies
  Crazy Yiuf (D:2)
  4 iguanas
  11 orc wizards
  Robin (D:2)
  20 gnolls
  14 adders
  3 shadow imps (Gauntlet)
  A white imp (D:6)
  2 ribbon worms (D:3)
  9 dart slugs
  31 orcs
  6 endoplasms
  14 giant cockroaches
  16 goblins
  4 hobgoblins
  2 jackals (D:5)
  8 kobolds
  11 ball pythons
  7 bats
  13 frilled lizards
  3 rats
327 creatures vanquished.

Notes
Turn   | Place    | Note
-------+----------+-------------------------------------------
     0 | D:1      | Rassilon the Gargoyle Fighter began the quest for the Orb.
     0 | D:1      | Reached XP level 1. HP: 14/14 MP: 1/1
    67 | D:1      | Found Tanatt's Vocational Training.
   127 | D:1      | Reached XP level 2. HP: 13/19 MP: 2/2
   688 | D:2      | Reached XP level 3. HP: 22/23 MP: 3/3
   749 | D:2      | Found a runed translucent door.
   750 | D:2      | Noticed Crazy Yiuf
   781 | D:2      | Noticed Robin
   825 | D:2      | Reached skill level 3 in Maces & Flails
   828 | D:2      | Reached XP level 4. HP: 23/29 MP: 4/4
   830 | D:2      | Killed Robin
  1228 | D:2      | Killed Crazy Yiuf
  1229 | D:2      | Reached XP level 5. HP: 13/33 MP: 5/5
  1345 | D:3      | Found a glowing drain.
  1354 | Sewer    | Entered a sewer
  1701 | Sewer    | Reached skill level 4 in Maces & Flails
  1701 | Sewer    | Reached XP level 6. HP: 25/39 MP: 6/6
  2662 | D:4      | Noticed Duvessa
  2662 | D:4      | Noticed Dowan
  2683 | D:4      | Killed Duvessa
  2684 | D:4      | Reached skill level 5 in Maces & Flails
  2684 | D:4      | Reached XP level 7. HP: 37/44 MP: 4/7
  2730 | D:4      | Killed Dowan
  3019 | D:4      | Reached skill level 5 in Fighting
  3019 | D:4      | Reached skill level 5 in Armour
  3125 | D:4      | Reached skill level 5 in Shields
  3704 | D:5      | Entered Level 5 of the Dungeon
  3737 | D:5      | Found a runed translucent door.
  3798 | D:5      | Noticed a kobold demonologist
  3800 | D:5      | Noticed an ice devil
  3810 | D:5      | Noticed a chaos spawn
  3811 | D:5      | Killed a kobold demonologist
  3812 | D:5      | Reached skill level 6 in Maces & Flails
  3812 | D:5      | Reached XP level 8. HP: 49/51 MP: 8/8
  4217 | D:5      | Found a hazy altar of Hepliaklqana.
  4321 | D:5      | Found an ancient bone altar of Kikubaaqudgha.
  4321 | D:5      | Found a sparkling altar of Nemelex Xobeh.
  4322 | D:5      | Found a shimmering altar of Xom.
  4369 | D:5      | Found a runed translucent door.
  4609 | D:5      | Found a snail-covered altar of Cheibriados.
  4714 | D:5      | Reached skill level 7 in Maces & Flails
  4877 | D:5      | Found a glowing silver altar of Zin.
  4878 | D:5      | Found a glowing golden altar of the Shining One.
  4887 | D:5      | Became a worshipper of the Shining One
  4951 | D:5      | Reached XP level 9. HP: 53/56 MP: 7/9
  5024 | D:6      | Noticed Blork the orc
  5031 | D:6      | Killed Blork the orc
  5174 | D:6      | Noticed Eustachio
  5239 | D:6      | Killed Eustachio
  5240 | D:6      | Reached skill level 8 in Maces & Flails
  5452 | D:6      | Identified the +2 ring mail of the Sturgeon {Slay+2 Stlth+}
  5725 | D:6      | Found Saghoj's Armour Shop.
  5738 | D:6      | Found a staircase to the Ecumenical Temple.
  5795 | D:6      | Noticed a rust devil
  5795 | D:6      | Noticed a rust devil
  6075 | D:6      | Identified the +8 rapier "Sifu" {protect, rPois Will+}
  6192 | D:7      | Reached skill level 9 in Maces & Flails
  6192 | D:7      | Reached XP level 10. HP: 63/63 MP: 10/10
  6250 | D:7      | Found an iron altar of Okawaru.
  6821 | D:7      | Reached * piety under the Shining One
  7156 | D:8      | Noticed Amaemon
  7160 | D:8      | Noticed an orange demon
  7187 | D:8      | Killed Amaemon
  7205 | D:8      | Killed an orange demon
  7464 | D:8      | Reached skill level 10 in Maces & Flails
  7826 | D:9      | Found a basalt altar of Yredelemnul.
  8100 | D:9      | Found a staircase to the Lair.
  8197 | D:9      | Reached XP level 11. HP: 47/69 MP: 8/11
  8618 | D:9      | Found a white marble altar of Elyvilon.
  8658 | D:10     | Entered Level 10 of the Dungeon
  8713 | D:10     | Found a burning altar of Makhleb.
  8724 | D:10     | Reached ** piety under the Shining One
  8743 | D:10     | Reached skill level 11 in Maces & Flails
  8773 | D:10     | Noticed a two-headed ogre
  8781 | D:10     | Killed a two-headed ogre
  9041 | D:10     | Found a blossoming altar of Fedhas.
  9594 | D:11     | Noticed a cyan ugly thing
  9610 | D:11     | Killed a cyan ugly thing
  9668 | Lair:1   | Entered Level 1 of the Lair of Beasts
  9819 | Lair:1   | Reached skill level 12 in Maces & Flails
  9994 | Lair:1   | Noticed a seven-headed hydra
  9995 | Lair:1   | Noticed Gastronok
 10043 | D:9      | Killed a seven-headed hydra
 10044 | D:9      | Reached skill level 10 in Fighting
 10044 | D:9      | Reached skill level 10 in Armour
 10044 | D:9      | Reached XP level 12. HP: 74/77 MP: 4/12
 10047 | D:9      | Reached skill level 10 in Shields
 10162 | Lair:1   | Killed Gastronok
 10268 | Lair:1   | Reached *** piety under the Shining One
 10285 | Lair:1   | Noticed Prince Ribbit
 10346 | D:9      | Killed Prince Ribbit
 10899 | Lair:2   | Found a gate leading to a gauntlet.
 10977 | Gauntlet | Entered a Gauntlet
 10977 | Gauntlet | Found a runed translucent gate.
 10977 | Gauntlet | Found a transporter.
 10977 | Gauntlet | Found a runed translucent gate.
 10977 | Gauntlet | Found a runed translucent gate.
 10977 | Gauntlet | Found a transporter.
 10986 | Gauntlet | Found a transporter.
 10990 | Gauntlet | Found a transporter.
 11005 | Gauntlet | Found a transporter.
 11005 | Gauntlet | Found a transporter.
 11007 | Gauntlet | Noticed a reaper
 11011 | Gauntlet | Found a runed translucent door.
 11013 | Gauntlet | Found a transporter.
 11028 | Gauntlet | Found a runed translucent door.
 11029 | Gauntlet | Found a transporter.
 11030 | Gauntlet | Found a runed translucent door.
 11030 | Gauntlet | Noticed a death yak
 11031 | Gauntlet | Noticed a death yak
 11031 | Gauntlet | Noticed a death yak
 11031 | Gauntlet | Noticed a death yak
 11033 | Gauntlet | Found a transporter.
 11033 | Gauntlet | Noticed a death yak
 11051 | Gauntlet | Found a transporter.
 11074 | Gauntlet | Found a transporter.
 11075 | Gauntlet | Found a transporter.
 11079 | Gauntlet | Noticed a soul eater
 11121 | Gauntlet | Killed a soul eater
 11215 | Gauntlet | Reached skill level 13 in Maces & Flails
 11246 | Gauntlet | Identified the +0 morningstar of Moderation {heavy, Will++}
 11283 | Gauntlet | Killed a reaper
 11300 | Gauntlet | Identified the +0 hat of the Wilderness {rF+ rN+ rCorr
                  | Int-5}
 11347 | Gauntlet | Identified the +0 tower shield "Odenugo" {rF+ rCorr}
 11347 | Gauntlet | Noticed a minotaur
 11364 | Gauntlet | The Shining One protects you from harm!
 11364 | Gauntlet | HP: 3/118 [minotaur/+1 morningstar of freezing (5)]
 11365 | Gauntlet | Mangled by a minotaur

Illustrated notes

Levels and vault maps discovered:
D:1:      heliophobic_arrival_battle_scene, layout_loops_ring,
          nicolae_shop_vocational
D:2:      layout_rooms, st_stairs_7, wad_floor_pattern_2,
          uniq_crazy_yiuf_cottage, uniq_robin
D:3:      layout_basic, cheibrodos_sewer_entry_bend, roderic_malta_cross,
          corexii_leaking_fountain, kennysheep_nondescript
D:4:      layout_basic, uniq_duvessa
D:5:      lemuel_insect_pit, layout_cave_pools, minitemple, lemuel_doored_altar,
          gammafunk_temple_overflow_pools, minmay_manual_monolith
D:6:      cheibrodos_iron_armory, layout_basic, minmay_temple_entry_butterflies,
          serial_shops, shop, uniq_blork_the_orc, uniq_eustachio
D:7:      layout_basic, okawaru_gym_becter, serial_bayou_lagoon_a,
          kennysheep_nub
D:8:      nicolae_cairo_tiling_very_big, layout_rooms, uniq_amaemon
D:9:      layout_roguey, kennysheep_ying_yang, lair_entry_dummy
D:10:     layout_loops_cross, fedhas_altar_3, mainiacjoe_overflow_paths,
          hangedman_abyss_or_decor_lesser_grid
D:11:     layout_roguey, minmay_crystal_room
Lair:1:   layout_cave_shapes, chequers_serial_rivers_marsh,
          chequers_serial_rivers_room_b, uniq_gastronok, uniq_prince_ribbit2
Lair:2:   layout_regular_city, spider_nest_entry_web_field,
          gauntlet_entry_generic, chequers_serial_rivers_micro_e, st_stairs_10,
          grunt_forest_large_clearings
Gauntlet: minmay_gauntlet_77_indecision [minmay_gauntlet_arena_77_run_for_it,
          minmay_gauntlet_arena_77_squiggly, minmay_gauntlet_arena_77_path,
          minmay_gauntlet_arena_77_mirror, minmay_gauntlet_arena_77_braids,
          minmay_gauntlet_arena_77_cramped,
          nicolae_gauntlet_exit_dead_adventurers]

Skill      XL: |  1  2  3  4  5  6  7  8  9 10 11 12 |
---------------+-------------------------------------+-----
Maces & Flails | 3 4 5 6 7 9 10 12 13 | 13.2
Fighting       | 4 5 6 7 8 10 | 10.7
Armour         | 4 5 6 7 8 10 | 10.7
Shields        | 4 5 6 7 8 9 10 | 10.7

Action                     |  1- 3 |  4- 6 |  7- 9 | 10-12 || total
---------------------------+-------+-------+-------+-------++-------
  Melee: Flail             |   113 |   267 |   498 |   709 ||  1587
         Morningstar       |       |       |       |    24 ||    24
  Throw: Boomerang         |       |       |       |     1 ||     1
    Use: Scroll            |       |     5 |     5 |     7 ||    17
         Potion            |       |     4 |     2 |     6 ||    12
 Armour: Scale mail        |    92 |   246 |   326 |       ||   664
         Ring mail         |       |       |    63 |   440 ||   503
  Dodge: Dodged            |    70 |   135 |   431 |   472 ||  1108
  Block: Buckler           |    17 |    71 |   162 |   204 ||   454
